 Dungeon Crawl Stone Soup version 0.32-a0-306-gfed3edf829 (webtiles) character file.

Game seed: 3279038534989118755

150525 jasper the Severer (level 16, -17/149 HPs)
             Began as a Mountain Dwarf Gladiator on Feb 14, 2024.
             Was the Champion of Makhleb.
             Demolished by Donald
             ... wielding a +3 broad axe of flaming
              (32 damage)
             ... on level 4 of the Spider Nest.
             The game lasted 00:55:14 (27166 turns).

jasper the Severer (Mountain Dwarf Gladiator)      Turns: 27166, Time: 00:55:15

Health: -17/149    AC: 26    Str: 21 (24) XL:     16   Next: 99%
Magic:  0/27       EV: 10    Int: 10      God:    Makhleb [******]
Gold:   2534       SH:  5    Dex: 10 (11) Spells: 10/15 levels left

rFire   . . .        z - +3 battleaxe (freeze)
rCold   + . .        (shield currently unavailable)
rNeg    . . .        u - +9 plate armour of Rusaerph {rPois}
rPois   +            c - +1 helmet
rElec   .            B - +2 cloak {rCorr}
rCorr   +            G - +2 pair of gloves of Fun {rCorr}
SInv    .            q - +3 pair of mountain boots {steadfast, rC+}
Will    ++...        W - amulet of reflection Stlth
                     Y - ring of willpower
HPRegen 0.44/turn    f - +4 ring of slaying
MPRegen 0.20/turn

%: reflection
@: corroded, studying Stealth
A: runic magic, artefact enchanting
a: Renounce Religion, Minor Destruction, Lesser Servant of Makhleb, Major
Destruction, Greater Servant of Makhleb


You were on level 4 of the Spider Nest.
You worshipped Makhleb.
Makhleb was exalted by your worship.
You visited 4 branches of the dungeon, and saw 26 of its levels.
You also visited: Bailey, Gauntlet and Ice Cave.

You collected 3454 gold pieces.
You spent 920 gold pieces at shops.

Inventory:

Hand Weapons
 j - a +2 vampiric battleaxe
 z - a +3 battleaxe of freezing (weapon)
 V - a +1 battleaxe of flaming
Missiles
 e - 11 javelins
 x - 6 silver javelins (quivered)
 D - a curare-tipped dart
 I - 3 throwing nets
Armour
 c - a +1 helmet (worn)
 q - the +3 pair of mountain boots (worn) {steadfast, rC+}
   (You found it in a Gauntlet)

   Steadfast: It prevents involuntary movement, except for blinking,
   teleportation, or banishment.
   rC+:       It protects you from cold.
 u - the +9 plate armour of Rusaerph (worn) {rPois}
   (You found it on level 3 of the Dungeon)

   rPois:     It protects you from poison
 B - a +2 cloak of preservation (worn)
 G - the +2 pair of gloves of Fun (worn) {rCorr}
   (You acquired it on level 7 of the Dungeon)

   rCorr:     It protects you from acid and corrosion.
Jewellery
 f - a +4 ring of slaying (right hand)
 W - an amulet of reflection (around neck)
 Y - a ring of willpower (left hand)
 Z - a ring of protection from fire
Wands
 y - a wand of iceblast (33)
 E - a wand of paralysis (26)
 Q - a wand of polymorph (16)
 X - a wand of mindburst (7)
Scrolls
 a - 3 scrolls of poison
 d - 4 scrolls of enchant weapon
 r - 3 scrolls of fear
 s - a scroll of silence
 t - 8 scrolls of identify
 v - a scroll of immolation
 w - 4 scrolls of butterflies
 H - 2 scrolls of fog
 J - a scroll of vulnerability
 K - 5 scrolls of teleportation
 N - 4 scrolls of revelation
 O - 2 scrolls of enchant armour
 P - 2 scrolls of blinking
 S - 4 scrolls of brand weapon
 T - a scroll of torment
Potions
 b - a potion of might
 g - 5 potions of magic
 i - 9 potions of lignification
 k - 9 potions of curing
 l - 6 potions of brilliance
 m - 2 potions of cancellation
 n - 5 potions of haste
 o - 5 potions of attraction
 A - a potion of enlightenment
 C - 2 potions of resistance
 F - 4 potions of heal wounds
 L - 11 potions of mutation
 M - 3 potions of invisibility
 R - 2 potions of berserk rage
Miscellaneous
 h - a phial of floods
 p - a phantom mirror
 U - a lightning rod (4/4)


   Skills:
 - Level 15.4 Fighting
 - Level 20.0 Axes
 - Level 2.0 Throwing
 - Level 15.0 Armour
 - Level 10.0 Dodging
 + Level 4.4 Translocations
 - Level 2.7 Air Magic
 - Level 15.0 Invocations


You had 10 spell levels left.
You knew the following spells:

 Your Spells              Type           Power      Damage    Failure   Level
a - Blink                 Tloc           16%        N/A       17%         2
b - Swiftness             Air            5%         N/A       54%         3

Your spell library contained the following spells:

 Spells                   Type           Power      Damage    Failure   Level
 Mercury Vapours          Alch/Air       4%         N/A       52%         2
 Foxfire                  Conj/Fire      0%         2x1d4     56%         1
 Magic Dart               Conj           0%         1d3       56%         1
 Sting                    Conj/Alch      0%         1d3       56%         1
 Cigotuvi's Dreadful Rot  Necr/Alch/Air  2%         N/A       58%         2
 Call Imp                 Summ           0%         N/A       71%         2
 Ensorcelled Hibernation  Hex/Ice        0%         N/A       71%         2
 Jinxbite                 Hex            0%         N/A       71%         2
 Manifold Assault         Tloc           8%         N/A       73%         4
 Vhi's Electric Charge    Tloc/Air       14%        N/A       83%         4
 Fugue of the Fallen      Necr           0%         N/A       90%         3
 Passwall                 Erth           0%         N/A       90%         3
 Summon Ice Beast         Ice/Summ       0%         N/A       90%         3
 Summon Lightning Spire   Summ/Air       2%         N/A       98%         4
 Anguish                  Hex/Necr       0%         N/A       100%        4
 Animate Armour           Summ/Erth      0%         N/A       100%        4
 Animate Dead             Necr           0%         N/A       100%        4
 Cause Fear               Hex            0%         N/A       100%        4
 Dispel Undead            Necr           0%         3d6       100%        4
 Fulminant Prism          Conj/Alch      0%         3d5       100%        4
 Leda's Liquefaction      Alch/Erth      0%         N/A       100%        4
 Martyr's Knell           Necr/Summ      0%         N/A       100%        4
 Olgreb's Toxic Radiance  Alch           0%         N/A       100%        4
 Summon Blazeheart Golem  Fire/Summ      0%         N/A       100%        4
 Arcjolt                  Conj/Air       1%         1d11      100%        5
 Borgnjor's Vile Clutch   Necr/Erth      0%         N/A       100%        5
 Fireball                 Conj/Fire      0%         3d3       100%        5
 Lee's Rapid Deconstruct  Erth           0%         3d4*      100%        5
 Summon Forest            Summ/Tloc      2%         N/A       100%        5
 Summon Mana Viper        Hex/Summ       0%         N/A       100%        5
 Yara's Violent Unravell  Hex/Alch       0%         3d3       100%        5
 Death Channel            Necr           0%         N/A       100%        6
 Eringya's Noxious Bog    Alch           0%         4d6       100%        6
 Sculpt Simulacrum        Ice/Alch       0%         N/A       100%        6
 Enfeeble                 Hex            0%         N/A       100%        7
 Monstrous Menagerie      Summ           0%         N/A       100%        7
 Orb of Destruction       Conj           0%         9d5       100%        7
 Spellforged Servitor     Conj/Summ      0%         N/A       100%        7
 Summon Hydra             Summ           0%         N/A       100%        7
 Maxwell's Capacitive Co  Air            2%         ∞         100%        8
 Dragon's Call            Summ           0%         N/A       100%        9


Dungeon Overview and Level Annotations

Branches:
Dungeon (15/15)            Temple (0/1) D:7            Lair (5/5) D:11
 Shoals (0/4) Lair:2       Spider (4/4) Lair:2        Slime (0/5) Lair:4
    Orc (2/2) D:11            Elf (0/3) Orc:2        Vaults (0/5) D:14
 Depths (0/4) D:15         Bailey (visited)           IceCv (visited)
Gauntlet (visited)

Altars:
Ashenzari
Makhleb
Okawaru
Vehumet
Yredelemnul
Jiyva
Lugonu

Shops:
D:12 (   Orc:2 =(*[

Portals:
Abyss: Lair:5

Annotations:
D:6 3 runed translucent doors, Splishie's ghost, amateur DrSh
D:8 1 transporter, 1 runed translucent door, cforsyth's ghost, novice DjHs
D:9 1 runed translucent door, asd2613's ghost, journeyman HOFi
Spider:1 2 transporters, Plog's ghost, adept TrFi
Spider:3 3 runed translucent doors, Gowugiylom's ghost, adept DsCA
Spider:4 2 transporters, Donald; Unoview's ghost, adept KoAr


Innate Abilities, Weirdness & Mutations

Your spellcasting is much less encumbered by armour.
You can use scrolls of enchantment on lesser artefacts.


Message History

You feel much better.
The culicivora chitters at the culicivora.
The culicivora is healed somewhat.
Donald hits you with a +3 broad axe of flaming!!
Donald burns you.
* * * LOW HITPOINT WARNING * * *
The entropy weaver points at you and mumbles some strange words.
The entropic weave corrodes you! You block the culicivora's attack.
You feel you are being watched by something.
The redback bites you but does no damage.
The jumping spider leaps!
Donald says, "Why would someone put a sword in a little box?"
Donald hits you with a +3 broad axe of flaming!
* * * LOW HITPOINT WARNING * * *
Donald burns you!
* * * LOW HITPOINT WARNING * * *
The culicivora chitters at the redback.
The redback's wounds heal themselves!
The entropy weaver hits you but does no damage.
The entropy weaver hits you!
* * * LOW HITPOINT WARNING * * *
The entropy weaver hits you but does no damage. x2
You take 37 damage, and have 10/149 hp.
MASSIVE DAMAGE!!
Donald blocks your attack.
Donald is moderately wounded.
You closely miss the redback. You slash the culicivora!
You freeze the culicivora. You slash the entropy weaver!
You freeze the entropy weaver.
You kill the entropy weaver!
Makhleb accepts your kill.
You feel better.
The culicivora bites you but does no damage.
The culicivora chitters at the culicivora.
The culicivora is healed somewhat.
The jumping spider leaps!
The redback bites you but does no damage.
The culicivora chitters at the culicivora.
The culicivora is healed somewhat.
Donald hits you with a +3 broad axe of flaming!!
You die...
Donald says, "I won.
I... don't hate that."

....##^####.#...# #~s
.............#..^# #.^.
###.........^#...###s...
)ß##.........#...''.....
..B#..#.^....#..††'s....
.#s#.....††..#.s.†s..#
#.B#..#....^..sss###.#
.BW#..........sss#
#.y#..........s@@#
.#{#..........ss##
BBB#..###....^..#
Bß##..# ##.###..#
###...# ### #.## ......#
### .....## .##### .^..#


You could see Donald (fast, strong, reflecting), 6 culicivoras, 2 jumping
spiders, a tarantella and a redback (weak-willed).

Vanquished Creatures
  Nikola (Spider:1)
  Aizul (Spider:3)
  A ghost moth (Spider:4)
  An emperor scorpion (Spider:2)
  An orc warlord (Orc:2)
  2 broodmothers
  An ironbound preserver (D:14)
  A dire elephant (D:15)
  A minotaur (Gauntlet)
  2 spark wasps
  6 entropy weavers
  Josephine (Lair:5)
  2 hydras
  7 centaur warriors
  A hell beast (Gauntlet)
  2 jorogumos (Spider:1)
  A radroach (Spider:1)
  4 two-headed ogres
  A catoblepas (D:13)
  5 boulder beetles
  3 orc high priests (Orc:2)
  6 demonic crawlers
  2 thrashing horrors (Lair:5)
  11 death yaks
  3 pharaoh ants
  A skyshark (Lair:4)
  A skeletal warrior (D:10)
  9 orb spiders
  2 bog bodies (IceCv)
  5 steelbarb worms
  5 orc knights
  3 deep elf pyromancers
  A harpy (Lair:2)
  A salamander (D:15)
  11 wolf spiders
  7 manticores
  2 orc sorcerers (Orc:2)
  15 ugly things
  4 cyclopes
  5 black mambas
  21 elephants
  A moth of wrath (Spider:4)
  An ice statue (IceCv)
  5 meliai
  5 torpor snails
  10 cane toads
  A smoke demon (Lair:5)
  3 kobold demonologists
  4 large abominations (Lair:5)
  A yaktaur (D:15)
  2 rime drakes
  An unseen horror (D:12)
  7 komodo dragons
  An anaconda simulacrum (IceCv)
  6 trolls
  A polar bear (D:15)
  A wolf spider simulacrum (D:15)
  An ice devil (IceCv)
  28 blink frogs
  Grinder (D:5)
  19 tarantellas
  A raiju (Lair:5)
  Prince Ribbit (D:5)
  11 jumping spiders
  17 culicivoras
  4 slime creatures
  2 centaur simulacra (D:15)
  A water elemental (D:15)
  4 wyverns
  A dire elephant simulacrum (IceCv)
  2 vampires
  5 wraiths
  73 yaks
  6 basilisks
  A human (shapeshifter) (Lair:5)
  Eustachio (D:5)
  34 redbacks
  A basilisk (shapeshifter) (Lair:5)
  5 wargs
  9 vampire mosquitoes
  Edmund (D:4)
  3 chaos spawn (Lair:5)
  Menkaure (D:4)
  3 steam dragons
  4 death yak simulacra
  A harpy simulacrum (IceCv)
  A two-headed ogre zombie (D:11)
  2 acid dragons (D:9)
  11 water moccasins
  A hell hound (Gauntlet)
  23 orc warriors
  A black bear (shapeshifter) (Lair:5)
  3 ice beasts (D:11)
  7 small abominations (Lair:5)
  3 laughing skulls
  5 black bears
  10 ogres
  10 wolves
  8 centaurs
  2 phantoms
  3 kobold brigands
  20 bullfrogs
  3 scorpions
  9 two-headed ogre simulacra
  3 cane toad simulacra (IceCv)
  4 wights (D:8)
  A hornet simulacrum (D:14)
  A troll zombie (D:11)
  2 elephant simulacra (IceCv)
  11 killer bees
  2 electric eels (Spider:3)
  5 howler monkeys
  A gnoll bouda (D:7)
  4 hounds
  4 jellies
  14 orc priests
  3 iguanas
  Crazy Yiuf (D:4)
  Ijyb (D:4)
  Natasha (thrice) (D:3)
  27 orc wizards
  5 spriggan simulacra
  18 hell rats
  4 polar bear simulacra
  8 troll simulacra (IceCv)
  A wolf simulacrum (IceCv)
  6 ogre zombies (D:11)
  A hound zombie (D:5)
  Robin (D:3)
  5 gnolls (D:7)
  9 adders
  5 naga simulacra (IceCv)
  2 shadow imps
  18 white imps
  2 ufetubi (IceCv)
  An adder zombie (D:5)
  4 ribbon worms
  5 dart slugs
  67 orcs
  9 ball pythons
  7 bats
  9 endoplasms
  5 giant cockroaches
  3 gnoll zombies (D:11)
  22 goblins
  12 hobgoblins
  A quokka (D:1)
  3 frilled lizards
  3 gnoll skeletons (D:11)
  15 kobolds
  4 orc skeletons (D:11)
  15 orc zombies (D:11)
  9 rats
939 creatures vanquished.

Vanquished Creatures (collateral kills)
  Jorgrun (Orc:1)
  A two-headed ogre (D:9)
  3 orc high priests (Orc:2)
  An orc knight (Orc:2)
  A deep elf pyromancer (Bailey)
  A wolf spider (Spider:4)
  A tarantella (Spider:4)
  2 blink frogs (Lair:5)
  2 slime creatures (D:12)
  A small abomination (Lair:5)
  2 redbacks (Spider:4)
  7 orc warriors
  An ogre (Orc:1)
  3 orcs
27 creatures vanquished.

Vanquished Creatures (others)
  A jumping spider (Spider:2)
  A water moccasin (D:8)
  A kobold brigand (D:8)
  An ufetubus (IceCv)
4 creatures vanquished.

Grand Total: 970 creatures vanquished

Notes
Turn   | Place    | Note
-------+----------+-------------------------------------------
     0 | D:1      | jasper the Mountain Dwarf Gladiator began the quest for the
                  | Orb.
     0 | D:1      | Reached XP level 1. HP: 17/17 MP: 1/1
    31 | D:1      | Reached skill level 4 in Axes
    32 | D:1      | Reached XP level 2. HP: 24/24 MP: 2/2
   413 | D:1      | Reached XP level 3. HP: 29/29 MP: 3/3
   476 | D:1      | Reached skill level 5 in Axes
   841 | D:2      | Found a faded altar of an unknown god.
   957 | D:2      | Reached XP level 4. HP: 36/36 MP: 4/4
   989 | D:2      | Prayed at the altar of an unknown god.
   989 | D:2      | Became a worshipper of Makhleb the Destroyer
   989 | D:2      | Reached * piety under Makhleb
  1067 | D:2      | Noticed a scorpion
  1073 | D:2      | Killed a scorpion
  1074 | D:2      | Reached skill level 6 in Axes
  1074 | D:2      | Reached XP level 5. HP: 41/41 MP: 5/5
  1903 | D:3      | Noticed Natasha
  1912 | D:3      | Killed Natasha
  1913 | D:3      | Reached skill level 7 in Axes
  2055 | D:3      | Noticed Natasha
  2060 | D:3      | Killed Natasha
  2153 | D:3      | Reached ** piety under Makhleb
  2394 | D:3      | Learned a level 2 spell: Blink
  2416 | D:3      | Identified the +9 plate armour of Rusaerph {rPois}
  2470 | D:3      | Noticed Robin
  2484 | D:3      | Reached XP level 6. HP: 48/48 MP: 6/6
  2489 | D:3      | Killed Robin
  2490 | D:3      | Reached skill level 8 in Axes
  2507 | D:3      | Noticed Natasha
  2528 | D:3      | Killed Natasha
  2843 | D:4      | Noticed Ijyb
  2861 | D:4      | Killed Ijyb
  2868 | D:4      | Reached skill level 9 in Axes
  3026 | D:4      | Noticed Menkaure
  3041 | D:4      | HP: 1/48 [Menkaure (17)]
  3042 | D:4      | Killed Menkaure
  3043 | D:4      | Reached skill level 1 in Armour
  3043 | D:4      | Reached XP level 7. HP: 1/56 MP: 7/7
  3410 | D:4      | Noticed Edmund
  3426 | D:4      | Killed Edmund
  3427 | D:4      | Reached skill level 10 in Axes
  3467 | D:4      | Found a burning altar of Makhleb.
  3467 | D:4      | Found a broken altar of Ashenzari.
  3600 | D:4      | Found a runed translucent door.
  3601 | D:4      | Noticed Crazy Yiuf
  3851 | D:4      | Killed Crazy Yiuf
  3906 | D:5      | Entered Level 5 of the Dungeon
  4013 | D:5      | Noticed Grinder
  4020 | D:5      | Paralysed by Grinder for 5 turns
  4034 | D:5      | Paralysed by Grinder for 4 turns
  4042 | D:5      | Killed Grinder
  4043 | D:5      | Reached XP level 8. HP: 42/66 MP: 8/8
  4152 | D:5      | Noticed Prince Ribbit
  4158 | D:5      | Killed Prince Ribbit
  4159 | D:5      | Reached skill level 11 in Axes
  4226 | D:5      | Noticed Eustachio
  4231 | D:5      | Killed Eustachio
  4530 | D:5      | Reached *** piety under Makhleb
  4698 | D:5      | Reached skill level 5 in Fighting
  5025 | D:5      | Reached skill level 12 in Axes
  5113 | D:5      | Reached XP level 9. HP: 74/74 MP: 9/9
  5117 | D:5      | Found a basalt altar of Yredelemnul.
  5180 | D:6      | Reached skill level 5 in Armour
  5911 | D:6      | Found a runed translucent gate.
  5912 | D:6      | Found a runed translucent gate.
  5913 | D:6      | Found a runed translucent gate.
  5916 | D:6      | Noticed Splishie's ghost (amateur DrSh)
  5917 | D:6      | Noticed a kobold demonologist
  6016 | D:6      | Identified 2 scrolls of acquirement
  6016 | D:6      | Acquired a +2 pair of boots of flying
  6023 | D:6      | Acquired a +3 battleaxe of freezing
  6212 | D:7      | Acquired the +2 pair of gloves of Fun {rCorr}
  6233 | D:7      | Found an iron altar of Okawaru.
  6280 | D:7      | Reached skill level 13 in Axes
  6353 | D:7      | Found a staircase to the Ecumenical Temple.
  6443 | D:7      | Reached skill level 1 in Invocations
  6724 | D:8      | Reached **** piety under Makhleb
  6725 | D:8      | Reached skill level 5 in Invocations
  6757 | D:8      | Reached XP level 10. HP: 32/84 MP: 13/13
  7005 | D:8      | Found a transporter.
  7082 | D:8      | Found a runed translucent door.
  7082 | D:8      | Noticed cforsyth's ghost (novice DjHs)
  7180 | D:8      | Found a flagged portal.
  7185 | Bailey   | Entered a bailey
  7252 | Bailey   | Reached skill level 14 in Axes
  7266 | Bailey   | Noticed an orc knight
  7278 | Bailey   | Killed an orc knight
  7288 | Bailey   | Found a large runed translucent door.
  7288 | Bailey   | Found a large runed translucent door.
  7289 | Bailey   | Noticed a deep elf pyromancer
  7312 | Bailey   | Killed a deep elf pyromancer
  7917 | D:9      | Found a runed translucent door.
  7917 | D:9      | Noticed asd2613's ghost (journeyman HOFi)
  7977 | D:9      | Reached skill level 15 in Axes
  7997 | D:9      | Noticed a two-headed ogre
  8087 | D:9      | Killed a two-headed ogre
  8166 | D:9      | Noticed a two-headed ogre
  8177 | D:9      | Killed a two-headed ogre
  8178 | D:9      | Reached XP level 11. HP: 95/95 MP: 14/14
  8604 | D:10     | Entered Level 10 of the Dungeon
  8627 | D:10     | Found a radiant altar of Vehumet.
  8678 | D:10     | Noticed an orc knight
  8680 | D:10     | Noticed a centaur warrior
  8705 | D:11     | Reached ***** piety under Makhleb
  8810 | D:11     | Found a staircase to the Lair.
  8891 | D:11     | Found a staircase to the Orcish Mines.
  8893 | D:11     | Noticed a two-headed ogre
  8913 | D:11     | Killed a two-headed ogre
  9356 | D:11     | Reached skill level 10 in Invocations
  9814 | Lair:1   | Entered Level 1 of the Lair of Beasts
  9936 | Lair:1   | Reached XP level 12. HP: 73/104 MP: 21/21
 10497 | Lair:1   | Reached ****** piety under Makhleb
 10650 | Lair:1   | Reached skill level 15 in Invocations
 10659 | Lair:1   | Reached skill level 16 in Axes
 11049 | Lair:2   | Reached skill level 17 in Axes
 11276 | Lair:2   | Found a hole to the Spider Nest.
 11332 | Lair:2   | Found a staircase to the Shoals.
 11763 | Lair:3   | Reached skill level 18 in Axes
 11808 | Lair:3   | Reached XP level 13. HP: 111/111 MP: 24/24
 12163 | Lair:3   | Reached skill level 19 in Axes
 13050 | Lair:4   | Found a staircase to the Slime Pits.
 13051 | Lair:4   | Found a viscous altar of Jiyva.
 13283 | Lair:4   | Reached skill level 20 in Axes
 13938 | Lair:5   | Entered Level 5 of the Lair of Beasts
 14063 | Lair:5   | Reached skill level 10 in Fighting
 14109 | Lair:5   | Reached XP level 14. HP: 121/121 MP: 25/25
 14152 | Lair:5   | Reached skill level 10 in Armour
 14732 | Lair:5   | Found a corrupted altar of Lugonu.
 14732 | Lair:5   | Found a one-way gate to the infinite horrors of the Abyss.
 15011 | Lair:5   | Reached skill level 5 in Dodging
 15017 | Lair:5   | Noticed Josephine
 15028 | Lair:5   | Killed Josephine
 15650 | Orc:1    | Entered Level 1 of the Orcish Mines
 15654 | Orc:1    | Noticed Jorgrun
 15684 | Orc:1    | Killed Jorgrun
 16189 | Orc:2    | Entered Level 2 of the Orcish Mines
 16231 | Orc:2    | Noticed an orc warlord
 16242 | Orc:2    | Killed an orc warlord
 16268 | Orc:2    | Found Qees's Jewellery Boutique.
 16283 | Orc:2    | Bought a ring of willpower for 400 gold pieces
 16283 | Orc:2    | Bought a ring of protection from fire for 400 gold pieces
 16342 | Orc:2    | Found Acaol's Antique Weapon Boutique.
 16428 | Orc:2    | Found a frozen archway.
 16450 | IceCv    | Entered an ice cave
 17593 | Orc:2    | Found Riyg Nys's General Store.
 17631 | Orc:2    | Bought a scroll of amnesia for 60 gold pieces
 17633 | Orc:2    | Bought a scroll of identify for 30 gold pieces
 17634 | Orc:2    | Bought a scroll of identify for 30 gold pieces
 17693 | Orc:2    | Found a staircase to the Elven Halls.
 17710 | Orc:2    | Found Xonaum's Antique Armour Emporium.
 18542 | D:12     | Reached XP level 15. HP: 102/134 MP: 26/26
 18823 | D:12     | Found Luusch's Weapon Shoppe.
 18937 | D:12     | Identified the +5 broad axe "Ykkets" {flame, rC++}
 18972 | D:12     | Found the +8 pair of quick blades "Gyre" and "Gimble"
                  | {protect}
 19673 | D:10     | Identified the staff "Coxed" {rN+ Will+ Int+4 Necro Fire}
 21679 | D:14     | Found a gate to the Vaults.
 21843 | D:15     | Entered Level 15 of the Dungeon
 21915 | D:15     | Found a gate leading to a gauntlet.
 21933 | Gauntlet | Entered a Gauntlet
 21933 | Gauntlet | Found a transporter.
 21933 | Gauntlet | Found a transporter.
 21933 | Gauntlet | Found a transporter.
 21934 | Gauntlet | Found a transporter.
 21937 | Gauntlet | Found a transporter.
 21951 | Gauntlet | Found a transporter.
 21976 | Gauntlet | Found a transporter.
 21993 | Gauntlet | Found a transporter.
 22011 | Gauntlet | Found a transporter.
 22019 | Gauntlet | Found a transporter.
 22036 | Gauntlet | Found a transporter.
 22087 | Gauntlet | Found a transporter.
 22087 | Gauntlet | Found the +3 pair of mountain boots {steadfast, rC+}
 22284 | Gauntlet | Identified the ring "Juziafoa" {Ice Fly rPois rCorr Int-3}
 22284 | Gauntlet | Identified the +1 ring mail of Veyrete {rF+ Str-5 Int-3
                  | Dex+7}
 22285 | Gauntlet | Got Ebesih's Codex of Algid Soot
 22702 | D:15     | Found a staircase to the Depths.
 23032 | Spider:1 | Entered Level 1 of the Spider Nest
 23082 | Spider:1 | Noticed an emperor scorpion
 23195 | Spider:1 | Found a transporter.
 23209 | Spider:1 | Reached XP level 16. HP: 137/147 MP: 27/27
 23211 | Spider:1 | Noticed Plog's ghost (adept TrFi)
 23244 | Spider:1 | Noticed Nikola
 23265 | Spider:1 | Killed Nikola
 23977 | Spider:1 | Reached skill level 15 in Fighting
 24182 | Spider:1 | Found a transporter.
 25269 | Spider:2 | Reached skill level 15 in Armour
 25355 | Spider:2 | Got Easy Hermetics
 25379 | Spider:2 | Learned a level 3 spell: Swiftness
 26029 | Spider:3 | Reached skill level 10 in Dodging
 26072 | Spider:3 | Reached skill level 1 in Translocations
 26072 | Spider:3 | Reached skill level 1 in Air Magic
 26278 | Spider:3 | Identified the serpent talisman of Pessimism {Fly Dex+3}
 26278 | Spider:3 | Noticed Aizul
 26298 | Spider:3 | Killed Aizul
 26614 | Spider:3 | Found a runed translucent gate.
 26614 | Spider:3 | Found a runed translucent gate.
 26614 | Spider:3 | Found a runed translucent gate.
 26619 | Spider:3 | Noticed Gowugiylom's ghost (adept DsCA)
 26817 | Spider:4 | Entered Level 4 of the Spider Nest
 26980 | Spider:4 | Found a transporter.
 26984 | Spider:4 | Found a transporter.
 26987 | Spider:4 | Noticed Unoview's ghost (adept KoAr)
 27152 | Spider:4 | Noticed Donald
 27166 | Spider:4 | Demolished by Donald

Illustrated notes

Levels and vault maps discovered:
D:1:      spicycebolla_arrival_xxxplode, layout_basic
D:2:      layout_loops_ring, shapermc_ecumenical_altar_ellora,
          kennysheep_generic_room_5
D:3:      minmay_chambers_of_twos, layout_basic, uniq_natasha, uniq_robin
D:4:      layout_loops_ring, nicolae_overflow_hidden_temple, uniq_ijyb,
          uniq_crazy_yiuf_cottage, uniq_edmund, uniq_menkaure
D:5:      layout_basic, lemuel_zombie_altar_yredelemnul, uniq_prince_ribbit1,
          uniq_grinder, uniq_eustachio
D:6:      layout_loops_ring, gammafunk_ghost_nasty_kobolds,
          chequers_serial_rivers_micro_d
D:7:      layout_basic, kennysheep_okawaru_gauntlet, minmay_temple_entry_mist,
          minmay_misc_feat_rows
D:8:      minmay_polygon_palace, layout_basic, ebering_ghost_reflecting_pool,
          enter_bailey_3, nicolae_diode_basic
D:9:      layout_cross, gammafunk_ghost_grave, minmay_misc_feat_four_crosses
D:10:     layout_loops_ring, vehumet_crystals, minmay_diamond_spiral
D:11:     layout_loops_ring, hellmonk_lair_entry_icy, zombieorc2_lemuel
D:12:     layout_basic, serial_shops, shop, lightli_minifort
D:13:     layout_irregular_city
D:14:     layout_roguey, skrybe_vaults_entry_preservation
D:15:     hangedman_depths_entry_try_elsewhere_first, layout_gridville,
          gauntlet_entry_generic, serial_ice, serial_ice_o, serial_ice_g,
          serial_ice_l, serial_ice_f
Lair:1:   layout_roguey, serial_bayou_pond_b, grunt_megastairs_3
Lair:2:   layout_gridlike, nicolae_shoals_entry_roost,
          hellmonk_spider_entry_not_the_bees
Lair:3:   layout_roguey
Lair:4:   layout_regular_city, slime_entry_1
Lair:5:   hellmonk_lair_end_abyssal_woods, layout_cave_pods, uniq_josephine
Spider:1: layout_cave_pods, gammafunk_ghost_berserking_beasts,
          nicolae_spider_claw_tunnel, uniq_nikola
Spider:2: layout_cave_pods, hangedman_spider_tarantella_strand
Spider:3: layout_spider_delve, gammafunk_ghost_necromancy, uniq_aizul
Spider:4: spider_rune_water, gammafunk_ghost_arena,
          nicolae_spider_webs_and_nodes, hangedman_stitches_earthworm,
          uniq_asterion, uniq_donald
Orc:1:    layout_caves, nicolae_orc_crystal_geode, uniq_jorgrun
Orc:2:    grunt_orc_gardens, layout_caves, grunt_orc_garden, grunt_orc_garden,
          grunt_orc_garden, grunt_orc_garden,
          portal_ice_cave_entry_ice_simulacra

Skill      XL: |  1  2  3  4  5  6  7  8  9 10 11 12 13 14 15 16 |
---------------+-------------------------------------------------+-----
Axes           | 4 5 6 7 9 10 12 13 15 18 20 | 20.0
Throwing       | 2 |  2.0
Armour         | 1 3 4 6 8 9 12 14 15 | 15.0
Fighting       | 4 5 6 8 9 10 12 14 15 | 15.4
Invocations    | 5 12 15 | 15.0
Dodging        | 4 6 8 10 | 10.0
Translocations | 4 |  4.4
Air Magic      | 2 |  2.7

Action                     |  1- 3 |  4- 6 |  7- 9 | 10-12 | 13-15 | 16-18 || total
---------------------------+-------+-------+-------+-------+-------+-------++-------
  Melee: War axe           |    83 |   210 |   196 |       |       |       ||   489
         Battleaxe         |       |       |    94 |   521 |  1220 |   360 ||  2195
  Throw: Throwing net      |       |     2 |     3 |       |       |       ||     5
         Stone             |       |       |    14 |     6 |    77 |       ||    97
         Javelin           |       |       |       |       |       |     1 ||     1
 Invoke: Lesser Servant of |       |       |       |     3 |     1 |     1 ||     5
         Greater Servant o |       |       |       |       |     3 |     1 ||     4
         Major Destruction |       |       |       |       |       |    13 ||    13
  Evoke: Wand              |       |     3 |    23 |     2 |       |       ||    28
    Use: Scroll            |     2 |     4 |    13 |     6 |     8 |     1 ||    34
         Potion            |       |       |       |     2 |     4 |     2 ||     8
   Stab: Held in net/web   |       |       |     2 |       |       |       ||     2
         Distracted        |       |       |       |     2 |       |       ||     2
 Armour: Leather armour    |    15 |       |       |       |       |       ||    15
         Chain mail        |    47 |    96 |       |       |       |       ||   143
         Plate armour      |       |    99 |   329 |   651 |  1159 |   605 ||  2843
  Dodge: Dodged            |    51 |    74 |   100 |   207 |   446 |   239 ||  1117
  Block: Other             |       |       |       |       |   149 |    98 ||   247
         Reflection        |       |       |       |       |     7 |     1 ||     8

Table legend: (Time is in decaauts)
 A = Elapsed time spent in this place.
 B = Non-inter-level travel time spent in this place.
 C = Inter-level travel time spent in this place.
 D = Time resting spent in this place.
 E = Time spent auto-exploring this place.
 F = Levels seen in this place.
 G = Mean time per level.
                   A        B        C        D        E       F      G
               +--------+--------+--------+--------+--------+-----+--------+
         Total |  26719 |  25702 |   1017 |   1281 |  18721 |  29 |  921.3 |
       Dungeon |  13631 |  13018 |    613 |    700 |   9437 |  15 |  908.7 |
          Lair |   5718 |   5526 |    192 |    475 |   3887 |   5 | 1143.6 |
   Spider Nest |   4027 |   3910 |    117 |     16 |   3203 |   4 | 1006.8 |
  Orcish Mines |   1691 |   1597 |     94 |      7 |   1164 |   2 |  845.5 |
        Bailey |    278 |    278 |      0 |      0 |    143 |   1 |  278.0 |
      Ice Cave |   1023 |   1023 |      0 |     83 |    677 |   1 | 1023.0 |
      Gauntlet |    347 |    347 |      0 |      0 |    209 |   1 |  347.0 |
               +--------+--------+--------+--------+--------+-----+--------+

Top non-repeatable levels by time:
  Lair:5: 1573 daAuts
Spider:2: 1439 daAuts
Spider:1: 1284 daAuts
     D:5: 1225 daAuts
    D:11: 1219 daAuts
  Lair:3: 1114 daAuts
  Lair:1: 1104 daAuts
     D:4: 1102 daAuts
     D:3: 1066 daAuts
  Lair:4: 1039 daAuts
   IceCv: 1023 daAuts
   Orc:2: 1022 daAuts
    D:14: 1017 daAuts
Spider:3: 984 daAuts
     D:6: 969 daAuts
